 Dungeon Crawl Stone Soup version 0.21-a0-634-gaf8bc5d (webtiles) character file.

101539 mortelune the Devastator (level 15, -15/135 HPs)
             Began as a White Draconian Conjurer on Dec 29, 2017.
             Was a Priest of Ashenzari.
             Demolished by a cyan very ugly thing (25 damage)
             ... on level 1 of the Swamp on Dec 30, 2017.
             The game lasted 04:03:04 (69371 turns).

mortelune the Devastator (DrCj)                    Turns: 69371, Time: 04:03:05

Health: -15/135    AC: 12    Str: 11    XL:     15   Next: 83%
Magic:  13/29      EV: 21    Int: 20    God:    Ashenzari [***...]
Gold:   1495       SH:  5    Dex: 13    Spells: 5/35 levels left

rFire    . . .     SeeInvis +   F - +1 flail (holy)
rCold    + . .     Gourm    .   Q - +0 buckler (curse)
rNeg     . . .     Faith    .   (armour unavailable)
rPois    .         Spirit   .   (helmet restricted)
rElec    .         Reflect  .   (no cloak)
rCorr    +         Harm     .   Y - +1 pair of gloves (curse)
MR       +....                  z - +0 pair of boots (curse)
Stlth    ++........             (no amulet)
HPRegen  0.32/turn              f - +4 ring of evasion (curse)
MPRegen  0.21/turn              U - ring of resist corrosion (curse)

@: no status effects
A: breathe frost, unfitting armour, cold resistance 1, cold-blooded, AC +9
a: Breathe Frost, Curse Item, Scrying, Renounce Religion


You were on level 1 of the Swamp.
You worshipped Ashenzari.
Ashenzari was most pleased with you.
You were near starving.

You visited 4 branches of the dungeon, and saw 24 of its levels.
You also visited: Labyrinth and Bailey.

You collected 3260 gold pieces.
You spent 1765 gold pieces at shops.

Inventory:

Hand Weapons
 k - the +2 whip of Xigrukeg {venom, rPois}
   (You bought it in a shop on level 7 of the Dungeon)

   It poisons the flesh of those it strikes.
   It protects you from poison.
 t - a +0 eveningstar
 F - a +1 flail of holy wrath (weapon)
 J - a +1 vampiric battleaxe
Missiles
 w - a throwing net (quivered)
 L - 30 tomahawks of returning
Armour
 z - a cursed +0 pair of boots (worn)
 Q - a cursed +0 buckler (worn)
 Y - a cursed +1 pair of gloves (worn)
Magical Staves
 p - an uncursed staff of conjuration
Jewellery
 f - a cursed +4 ring of evasion (left hand)
 C - a +4 ring of strength
 G - an uncursed ring of fire
 U - a cursed ring of resist corrosion (right hand)
Wands
 m - a wand of flame (53)
 q - a wand of clouds (11)
 x - a wand of enslavement (10)
 B - a wand of paralysis (5)
 H - a wand of iceblast (29)
 I - a wand of digging (7)
 W - a wand of acid (30)
Scrolls
 g - a scroll of fear
 h - a scroll of teleportation
 i - a scroll of enchant armour {unknown}
 j - 2 scrolls of holy word {unknown}
 n - 8 scrolls of remove curse
 o - 3 scrolls of blinking
 v - a scroll of vulnerability {unknown}
 y - 5 scrolls of magic mapping
 E - 2 scrolls of silence
 K - a scroll of enchant weapon
 M - 2 scrolls of amnesia
 N - 3 scrolls of fog
 P - a scroll of acquirement {unknown}
 R - 2 scrolls of identify
Potions
 d - 2 potions of magic
 e - a potion of ambrosia
 l - 6 potions of curing
 r - 2 potions of brilliance
 s - 2 potions of haste
 u - 3 potions of heal wounds
 A - 2 potions of flight
 D - 2 potions of might
 O - a potion of resistance
 S - 2 potions of agility
 T - a potion of cancellation
 X - a potion of berserk rage
Books
 V - a book of Beasts

   Spells                             Type                      Level
   a - Summon Butterflies             Summoning                    1
   b - Call Canine Familiar           Summoning                    3
   c - Summon Ice Beast               Ice/Summoning                4
   d - Summon Mana Viper              Hexes/Summoning              5
   e - Summon Hydra                   Summoning                    7
Miscellaneous
 a - a fan of gales
 c - a sack of spiders
Comestibles
 b - 6 rations


   Skills:
 + Level 13.0 Fighting
 - Level 0.9(6.2) Axes
 + Level 9.8 Maces & Flails
 + Level 8.2 Dodging
 - Level 1.7 Stealth
 - Level 4.0(5.7) Shields
 * Level 10.9 Spellcasting
 - Level 15.2(16.7) Conjurations
 + Level 6.0(7.9) Summonings
 - Level 12.2(13.8) Ice Magic


You had 5 spell levels left.
You knew the following spells:

 Your Spells              Type           Power        Failure   Level  Hunger
a - Throw Frost           Conj/Ice       ######       1%          2    None
b - Freeze                Ice            ####         1%          1    None
c - Dazzling Spray        Conj/Hex       #####.       1%          3    None
d - Iskenderun's Mystic   Conj           ######..     1%          4    ##.....
e - Throw Icicle          Conj/Ice       ######..     1%          4    ##.....
f - Searing Ray           Conj           ######       0%          2    None
g - Magic Dart            Conj           ####         0%          1    None
h - Blink                 Tloc           N/A          9%          2    None
q - Orb of Destruction    Conj           ######....   5%          7    #######
z - Summon Ice Beast      Ice/Summ       ######..     1%          4    ##.....


Dungeon Overview and Level Annotations

Branches:
Dungeon (15/15)            Temple (0/1) D:5            Lair (6/6) D:11
  Swamp (1/4) Lair:2        Snake (0/4) Lair:4        Slime (0/5) Lair:6
    Orc (2/2) D:9             Elf (0/3) Orc:2        Vaults (0/5) D:13
 Depths (0/5) D:15

Altars:
Ashenzari
Cheibriados
Elyvilon
Fedhas
Hepliaklqana
Okawaru
Qazlal
Ru
Sif Muna
Uskayaw
Xom
Yredelemnul
Beogh

Shops:
D:7 (   D:12 }   D:13 *   Orc:2 !(*:

Annotations:
D:10 2 transporters, loot avec rf


Innate Abilities, Weirdness & Mutations

You can breathe waves of freezing cold.
You can buffet flying creatures when you breathe cold.
Your icy white scales are hard. (AC +9)
You cannot fit into any form of body armour.
Your flesh is cold resistant. (rC+)
You are cold-blooded and may be slowed by cold attacks.


Message History

You sock the cyan very ugly thing!
Your tail-slap misses the cyan very ugly thing.
The cyan very ugly thing is lightly wounded.
The cyan very ugly thing misses you.
You catch the helpless cyan very ugly thing completely off-guard!
You hit the cyan very ugly thing.
The cyan very ugly thing is moderately wounded.
The cyan very ugly thing pecks you!! The cyan very ugly thing shocks you!!
* * * LOW HITPOINT WARNING * * *
Casting: Dazzling Spray
Confirm with . or Enter, or press ? or * to list all spells.
Aiming: Throw Icicle
Press: ? - help, Shift-Dir - straight line, f/p - cyan very ugly thing
Aim: a cyan very ugly thing (moderately wounded, blind)
The shard of ice hits the cyan very ugly thing.
The cyan very ugly thing is moderately wounded.
The cyan very ugly thing pecks you!
* * * LOW HITPOINT WARNING * * *
The cyan very ugly thing shocks you!!
You die...

.....♣ ♣.≈≈..≈≈≈
♣≈≈≈ ♣.≈..
♣≈≈≈≈≈.≈.♣♣♣ ♣♣≈≈..
≈.≈≈♣*
♣.≈≈≈≈.≈....♣♣.≈≈≈.
≈.≈≈♣ ♣♣♣
♣.≈≈≈≈.≈≈≈≈≈.♣.≈≈≈.
≈...♣ ♣♣.♣♣
♣≈.≈≈...≈...♣<.≈≈≈≈
♣..♣* ♣≈..♣ ♣.>♣
*♣.....(÷≈≈≈≈≈
♣♣.♣♣ ♣≈≈.♣ ♣..♣
♣♣♣..≈≈....≈. ♣♣≈♣
♣♣♣♣.≈♣♣♣..♣
♣♣.≈≈....≈.
♣.♣♣♣≈♣.≈≈.♣♣.@♣
♣♣.......♣
♣♣≈♣..≈≈..§.♣.u♣
♣.♣.≈≈≈..♣ ,
♣.≈.≈♣......†.♣♣
♣♣..≈≈.♣.♣
,*♣♣≈...≈..≈...).♣
♣♣....≈.♣ ,
,♣........≈.†≈.♣
♣♣÷≈≈≈..
*,,♣♣♣♣♣♣♣♣....≈.♣♣
♣♣.♣≈≈.♣ , **
♣♣...§..♣ ♣.≈.♣≈≈≈
, * , , ♣♣..♣≈≈♣
♣.≈..≈≈.
,**♣..u≈§.♣♣
♣≈≈≈.≈♣.


You could see a cyan very ugly thing (blind).

Vanquished Creatures
  An ettin (Orc:2)
  A minotaur (Lab)
  7 vault guards
  Erolcha (D:10)
  10 hydras
  5 centaur warriors
  2 catoblepae
  16 two-headed ogres
  An ogre mage (Orc:2)
  4 tengu warriors
  An alligator (Swamp:1)
  2 deep trolls (Orc:2)
  4 orc knights
  A wolf spider (D:15)
  2 deep elf magi (D:15)
  A salamander (D:15)
  A manticore (D:11)
  6 ugly things
  5 cyclopes
  3 elephants (Lair:6)
  A centaur zombie (D:14)
  2 black mambas
  A torpor snail (Lair:2)
  2 gargoyles
  4 komodo dragons
  5 yaktaurs (D:15)
  27 spiny frogs
  A tengu conjurer (D:13)
  A queen bee (D:8)
  12 trolls
  A hornet (D:12)
  5 tyrant leeches
  A polar bear (Lair:4)
  A harpy skeleton (D:14)
  3 bog bodies (Swamp:1)
  13 blink frogs
  9 hippogriffs
  6 slime creatures
  4 dream sheep (Lair:2)
  A meliai zombie (D:12)
  36 yaks
  4 wyverns
  Eustachio (D:5)
  4 hungry ghosts
  13 vampire mosquitoes
  Menkaure (D:7)
  2 wargs
  2 nagas (Lair:4)
  6 swamp worms
  8 water moccasins
  An acid dragon (D:15)
  5 porcupines
  A swamp drake (Swamp:1)
  3 ice beasts
  4 sky beasts
  4 black bears
  2 hornet zombies
  26 orc warriors
  A necrophage (D:12)
  27 ogres
  4 phantoms
  19 wolves
  14 centaurs
  7 crocodiles
  A big kobold (D:10)
  Blork the orc (D:4)
  A gnoll sergeant (D:5)
  25 bullfrogs
  A water moccasin zombie (D:5)
  2 wyvern skeletons
  7 scorpions
  3 wights
  24 killer bees
  2 howler monkeys (D:8)
  2 electric eels
  5 crimson imps
  4 hounds
  5 centaur skeletons
  22 orc priests
  A gnoll shaman (D:7)
  8 jellies
  Ijyb (D:4)
  5 iguanas
  21 orc wizards
  7 worker ants
  A howler monkey zombie (D:9)
  Robin (D:3)
  14 gnolls
  A howler monkey skeleton (D:10)
  16 adders
  4 shadow imps
  4 oozes
  An adder zombie (D:6)
  An adder skeleton (D:8)
  15 worms
  2 dart slugs
  5 leopard geckos
  64 orcs
  A ball python (D:3)
  6 bats
  4 giant cockroaches
  13 hobgoblins
  18 jackals
  19 kobolds
  6 quokkas
  7 frilled lizards
  27 goblins
  A jackal skeleton (D:5)
  A jackal zombie (D:7)
  A leopard gecko skeleton (D:6)
  A quokka zombie (D:8)
  A spectral orc (D:9)
752 creatures vanquished.

Vanquished Creatures (collateral kills)
  2 ogre magi
  A vault guard (D:13)
  2 hydras
  A tengu warrior (D:14)
  3 ugly things (D:15)
  A cyclops (D:15)
  3 elephants (Lair:6)
  A torpor snail (Lair:3)
  A gargoyle (D:14)
  7 spiny frogs
  A komodo dragon (Lair:6)
  A rime drake (Lair:5)
  A troll (Orc:2)
  2 tyrant leeches (Lair:6)
  3 slime creatures
  A hippogriff (Lair:4)
  18 yaks
  3 vampire mosquitoes
  2 basilisks
  3 water moccasins
  A porcupine (Lair:5)
  An ogre (Orc:1)
  2 wolves
  A crocodile (Lair:5)
  2 bullfrogs
  An orc wizard (Orc:1)
  An orc (Orc:1)
  2 butterflies
68 creatures vanquished.

Vanquished Creatures (others)
  A swamp drake (Swamp:1)
  A sky beast (D:10)
  An orc wizard (D:7)
  A bush (Lair:6)
  16 fungi
  116 plants
136 creatures vanquished.

Grand Total: 956 creatures vanquished

Notes
Turn   | Place    | Note
-------+----------+-------------------------------------------
     0 | D:1      | mortelune the Draconian Conjurer began the quest for the Orb.
     0 | D:1      | Reached XP level 1. HP: 14/14 MP: 3/3
   307 | D:1      | Reached XP level 2. HP: 22/22 MP: 5/5
   311 | D:1      | Learned a level 2 spell: Searing Ray
   518 | D:1      | Reached skill level 1 in Fighting
  1188 | D:2      | Reached XP level 3. HP: 28/28 MP: 3/6
  1193 | D:2      | Learned a level 3 spell: Dazzling Spray
  1892 | D:1      | Reached XP level 4. HP: 16/36 MP: 0/7
  2626 | D:2      | Reached skill level 5 in Conjurations
  3705 | D:3      | Found a hide-covered altar of Uskayaw.
  3779 | D:3      | Found a shimmering altar of Xom.
  4050 | D:3      | Found a shattered altar of Ashenzari.
  4435 | D:3      | Reached XP level 5. HP: 42/42 MP: 4/9
  5884 | D:4      | Noticed Robin
  6079 | D:3      | Killed Robin
  6736 | D:4      | Noticed an ogre
  6797 | D:3      | Killed an ogre
  6797 | D:3      | Reached skill level 6 in Conjurations
  6797 | D:3      | Reached XP level 6. HP: 33/51 MP: 0/11
  7194 | D:4      | Noticed Blork the orc
  7198 | D:4      | Noticed Ijyb
  7208 | D:4      | Killed Blork the orc
  7397 | D:4      | Killed Ijyb
  7548 | D:5      | Entered Level 5 of the Dungeon
  7581 | D:5      | Noticed Eustachio
  7594 | D:5      | Killed Eustachio
  7594 | D:5      | Your scales start taking on an icy white colour.
  7594 | D:5      | Reached XP level 7. HP: 50/58 MP: 1/13
  7594 | D:5      | Gained mutation: Your flesh is cold resistant. (rC+) [White Draconian growth]
  8017 | D:3      | Became a worshipper of Ashenzari the Shackled
  8075 | D:5      | Reached skill level 7 in Conjurations
  8451 | D:5      | Found a staircase to the Ecumenical Temple.
  8936 | D:5      | Reached XP level 8. HP: 42/67 MP: 1/14
  9173 | D:5      | Found a sacrificial altar of Ru.
  9535 | D:5      | HP: 2/67 [orc wizard/magic dart (9)]
  9555 | D:5      | HP: 2/67 [acid (7)]
 10015 | D:6      | Found a stormy altar of Qazlal.
 10071 | D:6      | Reached skill level 5 in Fighting
 10071 | D:6      | Reached skill level 8 in Conjurations
 10604 | D:6      | Learned a level 4 spell: Iskenderun's Mystic Blast
 10727 | D:6      | Reached skill level 5 in Spellcasting
 12126 | D:6      | Reached skill level 9 in Conjurations
 12222 | D:6      | Found a snail-covered altar of Cheibriados.
 12405 | D:7      | Noticed Menkaure
 12432 | D:7      | Killed Menkaure
 12432 | D:7      | Reached XP level 9. HP: 35/75 MP: 12/17
 13753 | D:7      | Found Ucoro's Weapon Emporium.
 14004 | D:7      | Found a hazy altar of Hepliaklqana.
 14226 | D:8      | Reached * piety under Ashenzari
 14392 | D:8      | Reached skill level 10 in Conjurations
 14515 | D:8      | Noticed a two-headed ogre
 14538 | D:7      | HP: 1/79 [two-headed ogre/giant club (15)]
 14545 | D:7      | HP: 1/79 [two-headed ogre/giant club (2)]
 16185 | D:8      | Noticed a two-headed ogre
 16195 | D:8      | Killed a two-headed ogre
 16195 | D:8      | Reached skill level 11 in Conjurations
 16195 | D:8      | Reached XP level 10. HP: 33/88 MP: 8/20
 17108 | D:7      | Bought the +2 whip of Xigrukeg {venom, rPois} for 363 gold pieces
 18014 | D:9      | Found an iron altar of Okawaru.
 18124 | D:9      | Reached skill level 1 in Maces & Flails
 18616 | D:9      | Found a white marble altar of Elyvilon.
 18686 | D:9      | Found a deep blue altar of Sif Muna.
 19007 | D:9      | Found a blossoming altar of Fedhas.
 19159 | D:9      | Found a basalt altar of Yredelemnul.
 20159 | D:9      | Found a staircase to the Orcish Mines.
 20294 | D:10     | Entered Level 10 of the Dungeon
 21462 | D:10     | Found a transporter.
 21614 | D:10     | Noticed Erolcha
 21626 | D:10     | Killed Erolcha
 21626 | D:10     | Reached skill level 12 in Conjurations
 21626 | D:10     | Reached XP level 11. HP: 52/95 MP: 1/22
 21812 | D:10     | Noticed a two-headed ogre
 21820 | D:10     | Killed a two-headed ogre
 22472 | D:10     | Noticed a centaur warrior
 22477 | D:10     | Killed a centaur warrior
 23442 | D:10     | Found a transporter.
 24056 | D:11     | Noticed a two-headed ogre
 24061 | D:11     | Killed a two-headed ogre
 24766 | D:11     | Learned a level 2 spell: Throw Frost
 24771 | D:11     | Learned a level 4 spell: Throw Icicle
 25047 | D:11     | Reached skill level 1 in Ice Magic
 25227 | D:11     | Reached ** piety under Ashenzari
 25378 | D:11     | Found a staircase to the Lair.
 26134 | D:12     | Reached skill level 1 in Shields
 26322 | D:12     | Found Wadghuol's Gadget Shoppe.
 26350 | D:12     | Bought a wand of iceblast (9) for 169 gold pieces
 26350 | D:12     | Bought a wand of acid (2) for 156 gold pieces
 26368 | D:12     | Found a flagged portal.
 26561 | Bailey   | Entered a bailey
 26872 | Bailey   | Noticed an orc knight
 26921 | Bailey   | Killed an orc knight
 27301 | Bailey   | Noticed an orc knight
 27341 | Bailey   | Killed an orc knight
 27701 | Bailey   | Found a burning altar of Makhleb.
 27895 | D:12     | Noticed a five-headed hydra
 27920 | D:12     | Killed a five-headed hydra
 27920 | D:12     | Reached XP level 12. HP: 32/106 MP: 2/24
 28809 | D:12     | Noticed a two-headed ogre
 28817 | D:12     | Killed a two-headed ogre
 28817 | D:12     | Reached skill level 5 in Maces & Flails
 28817 | D:12     | Reached skill level 5 in Dodging
 29306 | D:12     | Learned a level 1 spell: Freeze
 29339 | D:12     | Learned a level 2 spell: Blink
 29348 | D:12     | Bought a wand of acid (10) for 364 gold pieces
 29405 | Lair:1   | Entered Level 1 of the Lair of Beasts
 29424 | Lair:1   | Noticed an eight-headed hydra
 29434 | Lair:1   | Killed an eight-headed hydra
 29605 | Lair:1   | Reached skill level 10 in Fighting
 29832 | Lair:1   | Noticed a seven-headed hydra
 29852 | Lair:1   | Killed a seven-headed hydra
 29852 | Lair:1   | Reached skill level 13 in Conjurations
 30979 | Lair:1   | Reached skill level 5 in Ice Magic
 32198 | Lair:2   | Found a staircase to the Swamp.
 32978 | Lair:2   | Learned a level 4 spell: Summon Ice Beast
 34026 | Lair:3   | Reached skill level 1 in Summonings
 35429 | Lair:4   | Found a labyrinth entrance.
 35442 | Lab      | Entered a labyrinth
 35590 | Lab      | Noticed a minotaur
 35604 | Lab      | Killed a minotaur
 35604 | Lab      | Reached XP level 13. HP: 87/114 MP: 6/26
 35793 | Lair:3   | Learned a level 7 spell: Orb of Destruction
 37965 | Lair:4   | Found a staircase to the Snake Pit.
 39585 | Lair:5   | Reached *** piety under Ashenzari
 40547 | Lair:6   | Entered Level 6 of the Lair of Beasts
 44856 | Lair:6   | Reached XP level 14. HP: 124/124 MP: 18/27
 46088 | Lair:6   | Found a staircase to the Slime Pits.
 46190 | Lair:6   | Reached skill level 10 in Ice Magic
 46933 | Lair:6   | HP: 2/124 [tyrant leech (33)]
 49208 | Orc:1    | Entered Level 1 of the Orcish Mines
 49297 | Orc:1    | Reached skill level 14 in Conjurations
 50640 | Orc:1    | Found a roughly hewn altar of Beogh.
 51062 | Orc:2    | Entered Level 2 of the Orcish Mines
 51062 | Orc:2    | Found a staircase to the Elven Halls.
 52001 | Orc:2    | Found Jodeupsa's Distillery.
 55270 | Orc:2    | Found Kecoruo's Assorted Antiques.
 55270 | Orc:2    | Found Gisatiwnol's Weapon Shoppe.
 55281 | Orc:2    | Found Elonus's Book Emporium.
 55317 | Orc:2    | Bought a potion of heal wounds for 60 gold pieces
 55317 | Orc:2    | Bought a potion of haste for 120 gold pieces
 55317 | Orc:2    | Bought a potion of heal wounds for 60 gold pieces
 55317 | Orc:2    | Bought a potion of curing for 36 gold pieces
 55317 | Orc:2    | Bought a potion of curing for 36 gold pieces
 55317 | Orc:2    | Bought a potion of resistance for 120 gold pieces
 55317 | Orc:2    | Bought a potion of curing for 36 gold pieces
 56510 | D:13     | Found Kupiem's General Store.
 56515 | D:13     | Bought a scroll of blinking for 105 gold pieces
 56530 | D:13     | Found a gate to the Vaults.
 57631 | D:13     | Reached skill level 10 in Spellcasting
 57680 | D:13     | Reached XP level 15. HP: 112/132 MP: 0/29
 60339 | D:9      | Identified Sif Muna's Grimoire of the Escort
 61277 | D:14     | Found a sacrificial altar of Ru.
 61983 | D:14     | Reached skill level 15 in Conjurations
 62984 | D:15     | Entered Level 15 of the Dungeon
 63812 | D:15     | Reached skill level 5 in Summonings
 68209 | D:15     | Found a staircase to the Depths.
 68444 | D:13     | Bought a ration for 70 gold pieces
 68444 | D:13     | Bought a ration for 70 gold pieces
 68612 | Swamp:1  | Entered Level 1 of the Swamp
 68635 | Swamp:1  | Noticed Nikola
 69371 | Swamp:1  | Demolished by a cyan very ugly thing

Vault maps used:
D:1:      dpeg_arrival_leaves_temple_mockup
D:3:      cheibrodos_greedy_goblins, lemuel_round_altar,
          nicolae_overflow_crystal_walls, ashenzari_conservatory_becter
D:4:      first_ration, uniq_blork_the_orc, uniq_robin, uniq_ijyb
D:5:      nicolae_ru_the_path_less_chosen, minmay_temple_entry_enclosed_plants,
          uniq_eustachio
D:6:      cheibriados_altar_1, nicolae_qazlal_eye_of_the_storm
D:7:      kennysheep_little_box, serial_shops, nicolae_shop_waterfront,
          uniq_menkaure
D:8:      enter_ossuary_1, david_nohive_1, minmay_bent
D:9:      yredelemnul_forgotten_temple_becter, led_sif_book,
          overflow_temple_1_default, elyvilon_altar_1,
          fedhas_altar_decomposition, david_orc_4, minmay_misc_feat_tiny,
          hangedman_abyss_or_decor_jellyfish_corner, minmay_misc_feat_plants
D:10:     gammafunk_cloud_chamber, uniq_erolcha
D:11:     david_lair_shrubbed
D:12:     serial_shops, shop_fountains, enter_bailey_7
D:13:     erik_vaults_2, serial_shops, shop, worms_lemuel
D:14:     lemuel_coloured_pillars_altar, minmay_crystal_water
D:15:     hangedman_depths_entry_try_elsewhere_first, minivault_27
Lair:1:   nicolae_quartered_pool_super, infiniplex_staircase_pool,
          grunt_megastairs_4, serial_bayou_shore_b
Lair:2:   swamp_mist, lemuel_fruit_fields, lemuel_fruit_fields
Lair:4:   guppyfry_snake_entry_garden, lab_entry_generic, lemuel_fruit_fields
Lair:6:   minmay_lair_end_frog_pond, minmay_slime_entry_pillars
Swamp:1:  nicolae_swamp_treefoil, uniq_nikola
Orc:1:    nicolae_orc_pool_cavern, david_defended_altar_orc
Orc:2:    st_orc_open
Lab:      labyrinth_mini_lab, lab_block, lab_hedge, nicolae_lab_stuck,
          labyrinth_lava_lair
Bailey:   bailey_axe_3, bailey

Skill      XL: |  1  2  3  4  5  6  7  8  9 10 11 12 13 14 15 |
---------------+----------------------------------------------+-----
Fighting       | 1 2 3 4 6 8 9 10 11 12 13 | 13.0
Conjurations   | 5 6 7 9 11 12 13 14 15 | 15.2
Spellcasting   | 3 4 5 7 8 9 10 | 10.9
Dodging        | 3 4 6 7 8 |  8.2
Maces & Flails | 3 4 6 7 8 9 |  9.8
Ice Magic      | 2 7 9 11 12 | 12.2
Shields        | 3 4 |  4.0
Summonings     | 1 4 6 |  6.0
Axes           | |  0.9
Stealth        | |  1.7

Action                   |  1- 3 |  4- 6 |  7- 9 | 10-12 | 13-15 || total
-------------------------+-------+-------+-------+-------+-------++-------
Melee: Dagger            |    46 |       |       |       |       ||    46
       Unarmed           |     6 |       |       |       |       ||     6
       Tailslap          |     3 |     5 |     4 |    32 |   104 ||   148
       Mace              |     3 |    29 |       |       |       ||    32
       War axe           |       |     9 |    55 |     4 |       ||    68
       Whip              |       |       |       |   255 |   390 ||   645
       Flail             |       |       |       |       |   191 ||   191
       Staff             |       |       |       |       |    11 ||    11
       Eveningstar       |       |       |       |       |     3 ||     3
 Cast: Magic Dart        |    21 |    69 |   143 |    66 |       ||   299
       Searing Ray       |    10 |    37 |    82 |    40 |     8 ||   177
       Dazzling Spray    |       |    16 |    26 |    63 |   114 ||   219
       Iskenderun's Myst |       |       |     5 |   232 |   223 ||   460
       Throw Frost       |       |       |       |    45 |    23 ||    68
       Throw Icicle      |       |       |       |    40 |   453 ||   493
       Freeze            |       |       |       |    75 |    92 ||   167
       Summon Ice Beast  |       |       |       |    10 |   105 ||   115
       Blink             |       |       |       |     1 |     2 ||     3
       Orb of Destructio |       |       |       |       |     9 ||     9
Invok: Curse Item        |       |       |     1 |       |     4 ||     5
 Abil: Breathe Frost     |       |       |     5 |     2 |     6 ||    13
Evoke: Wand              |       |       |       |     6 |     5 ||    11
       Sack of spiders   |       |       |       |       |     1 ||     1
  Use: Potion            |     1 |     2 |     4 |     6 |    10 ||    23
       Scroll            |       |     6 |     5 |    12 |    10 ||    33
 Stab: Sleeping          |     1 |       |       |       |       ||     1
       Invisible         |       |     2 |     1 |     5 |     2 ||    10
       Distracted        |       |       |       |     1 |     3 ||     4
  Eat: Chunk             |     2 |    16 |    20 |    37 |    50 ||   125
       Ration            |       |     2 |     3 |    15 |    31 ||    51
Armor: Skin              |    23 |    34 |    60 |   143 |   250 ||   510
Dodge: Dodged            |    50 |   100 |   177 |   354 |   742 ||  1423
Block: Buckler           |       |       |       |       |   284 ||   284

Table legend:
 A = Spawn XP
 B = Non-spawn XP
 C = Spawn XP percentage of total XP
 D = Spawn monster count
 E = Non-spawn monster count
 F = Spawn count percentage of total count
 G = Total turns spent on level
                    A         B        C        D         E        F      G
               +---------+---------+-------+---------+---------+-------+---------
         Total |       0 |  145057 |   0.0 |       0 |     821 |   0.0 | 69371
               +---------+---------+-------+---------+---------+-------+---------
           D:1 |       0 |      62 |   0.0 |       0 |      20 |   0.0 |  2537
           D:2 |       0 |      94 |   0.0 |       0 |      20 |   0.0 |  1146
           D:3 |       0 |     220 |   0.0 |       0 |      31 |   0.0 |  2593
           D:4 |       0 |     297 |   0.0 |       0 |      21 |   0.0 |  1619
           D:5 |       0 |     999 |   0.0 |       0 |      25 |   0.0 |  2398
           D:6 |       0 |    1022 |   0.0 |       0 |      30 |   0.0 |  2458
           D:7 |       0 |     964 |   0.0 |       0 |      27 |   0.0 |  3142
           D:8 |       0 |    3476 |   0.0 |       0 |      42 |   0.0 |  2454
           D:9 |       0 |    2051 |   0.0 |       0 |      34 |   0.0 |  3528
          D:10 |       0 |    4763 |   0.0 |       0 |      36 |   0.0 |  3104
          D:11 |       0 |    4401 |   0.0 |       0 |      29 |   0.0 |  2608
          D:12 |       0 |    6157 |   0.0 |       0 |      27 |   0.0 |  3225
          D:13 |       0 |   15119 |   0.0 |       0 |      50 |   0.0 |  4018
          D:14 |       0 |   14311 |   0.0 |       0 |      42 |   0.0 |  4568
          D:15 |       0 |   16014 |   0.0 |       0 |      39 |   0.0 |  2728
        Lair:1 |       0 |    5778 |   0.0 |       0 |      19 |   0.0 |  2144
        Lair:2 |       0 |    3187 |   0.0 |       0 |      16 |   0.0 |  2675
        Lair:3 |       0 |    4648 |   0.0 |       0 |      24 |   0.0 |  1739
        Lair:4 |       0 |    5133 |   0.0 |       0 |      26 |   0.0 |  1986
        Lair:5 |       0 |    8138 |   0.0 |       0 |      32 |   0.0 |  4633
        Lair:6 |       0 |   21448 |   0.0 |       0 |      87 |   0.0 |  5844
       Swamp:1 |       0 |    4097 |   0.0 |       0 |      12 |   0.0 |   646
         Orc:1 |       0 |    2125 |   0.0 |       0 |      40 |   0.0 |  2740
         Orc:2 |       0 |   17985 |   0.0 |       0 |      75 |   0.0 |  3371
           Lab |       0 |     814 |   0.0 |       0 |       1 |   0.0 |   200
        Bailey |       0 |    1754 |   0.0 |       0 |      16 |   0.0 |  1267
               +---------+---------+-------+---------+---------+-------+---------
